 Dungeon Crawl Stone Soup version 0.23.1 (webtiles) character file.

Game seed: 0

301112 Kisielow the Bludgeoner (level 20, -10/128 HPs)
             Began as a Gargoyle Fighter on Mar 16, 2019.
             Was a Priest of Qazlal.
             Shot with a bolt by a yaktaur (15 damage)
             ... on level 1 of the Vaults on Mar 17, 2019.
             The game lasted 02:26:48 (44288 turns).

Kisielow the Bludgeoner (Gargoyle Fighter)         Turns: 44288, Time: 02:26:50

Health: -10/128    AC: 43    Str: 26    XL:     20   Next: 57%
Magic:  19/32      EV:  8    Int: 12    God:    Qazlal [***...]
Gold:   4060       SH: 25    Dex:  9    Spells: 14/19 levels left

rFire    + + +     SeeInvis +   p - +1 demon whip (slash)
rCold    . . .     Gourm    .   W - +0 large shield
rNeg     + . .     Faith    .   y - +0 fire dragon scales
rPois    ∞         Spirit   .   r - +1 helmet
rElec    +         Reflect  .   T - +2 cloak
rCorr    .         Harm     .   i - +2 pair of gloves {archery}
MR       +....                  g - +2 pair of boots
Stlth    ..........             R - amulet of the acrobat
HPRegen  0.31/turn              e - ring "Jaedium" {+Fly rF+ rC+}
MPRegen  0.23/turn              F - ring of see invisible

@: about to teleport, marked, flying, hasted, very quick
A: big wings, negative energy resistance 1, sense surroundings 1, shaggy fur 1,
electricity resistance, unbreathing, petrification resistance, rot immunity,
sturdy frame 1, AC +15
}: 3/15 runes: decaying, serpentine, abyssal
a: Stop Flying, Upheaval, Elemental Force, Renounce Religion


You were on level 1 of the Vaults.
You worshipped Qazlal.
Qazlal was most pleased with you.
You were not hungry.

You visited 7 branches of the dungeon, and saw 33 of its levels.
You visited the Abyss 1 time.
You also visited: Bailey, Gauntlet, Ice Cave and Volcano.

You collected 4060 gold pieces.

Inventory:

Hand Weapons
 p - a +1 demon whip of slashing (weapon)
Armour
 g - a +2 pair of boots (worn)
 i - a +2 pair of gloves of archery (worn)
 r - a +1 helmet (worn)
 y - +0 fire dragon scales (worn)
 I - +0 ice dragon scales
 T - a +2 cloak (worn)
 W - a +0 large shield (worn)
Jewellery
 e - the ring "Jaedium" (left hand) {+Fly rF+ rC+}
   (You found it in a Gauntlet)

   [ring of flight]

   It protects you from fire.
   It protects you from cold.
   It lets you fly.
 o - a +3 ring of dexterity
 C - an uncursed amulet of rage
 F - a ring of see invisible (right hand)
 K - an uncursed amulet of the gourmand
 R - an amulet of the acrobat (around neck)
 X - an uncursed ring of resist corrosion
Wands
 d - a wand of random effects (42)
 q - a wand of scattershot (3)
 v - a wand of acid (19)
 x - a wand of flame (74)
 B - a wand of clouds (2)
 D - a wand of paralysis (25)
 E - a wand of polymorph (44)
 L - a wand of iceblast (36)
 M - a wand of enslavement (20)
 O - a wand of digging (5)
Scrolls
 b - 17 scrolls of remove curse
 j - 5 scrolls of magic mapping
 s - 2 scrolls of teleportation
 N - 5 scrolls of identify
 P - 5 scrolls of fog
Potions
 c - a potion of resistance
 k - a potion of ambrosia
 m - 4 potions of might
 u - 2 potions of cancellation
 z - 3 potions of brilliance
 A - 5 potions of magic
 Q - 4 potions of agility
Miscellaneous
 t - a lamp of fire
 H - a lamp of fire
 J - a phial of floods
Comestibles
 a - 8 chunks of flesh
 f - 46 rations


   Skills:
 + Level 14.3 Fighting
 * Level 19.1 Maces & Flails
 + Level 14.3 Armour
 + Level 14.3 Shields
 - Level 9.0 Charms
 - Level 8.0 Necromancy
 - Level 16.0 Invocations
 - Level 7.0 Evocations


You had 14 spell levels left.
You knew the following spells:

 Your Spells              Type           Power        Failure   Level  Hunger
q - Regeneration          Chrm/Necr      ###.......   21%         3    ####...
w - Blink                 Tloc           N/A          97%         2    ###....

Your spell library contained the following spells:

 Spells                   Type           Power        Failure   Level  Hunger
 Infusion                 Chrm           ###.         5%          1    ##.....
 Song of Slaying          Chrm           ###.....     9%          2    ###....
 Shroud of Golubria       Chrm/Tloc      ##........   45%         2    ###....
 Swiftness                Chrm/Air       ##......     45%         2    ###....
 Spectral Weapon          Hex/Chrm       ##......     71%         3    ####...
 Apportation              Tloc           #.....       91%         1    ##.....
 Confusing Touch          Hex            #.....       91%         1    ##.....
 Corona                   Hex            #......      91%         1    ##.....
 Flame Tongue             Conj/Fire      #....        91%         1    ##.....
 Freeze                   Ice            #...         91%         1    ##.....
 Magic Dart               Conj           #...         91%         1    ##.....
 Sandblast                Erth           #.....       91%         1    ##.....
 Shock                    Conj/Air       #...         91%         1    ##.....
 Sting                    Conj/Pois      #...         91%         1    ##.....
 Summon Butterflies       Summ           #.......     91%         1    ##.....
 Call Imp                 Summ           #.......     97%         2    ###....
 Ensorcelled Hibernation  Hex/Ice        #.....       97%         2    ###....
 Passwall                 Tmut/Erth      #.......     97%         2    ###....
 Poisonous Vapours        Pois/Air       #.....       97%         2    ###....
 Slow                     Hex            #.......     97%         2    ###....
 Call Canine Familiar     Summ           #.......     100%        3    ####...
 Confuse                  Hex            #.......     100%        3    ####...
 Conjure Flame            Conj/Fire      #.......     100%        3    ####...
 Dazzling Spray           Conj/Hex       #.....       100%        3    ####...
 Gell's Gravitas          Tloc           #.........   100%        3    ####...
 Inner Flame              Hex/Fire       #.......     100%        3    ####...
 Mephitic Cloud           Conj/Pois/Air  #.......     100%        3    ####...
 Portal Projectile        Hex/Tloc       #.....       100%        3    ####...
 Static Discharge         Conj/Air       #.......     100%        3    ####...
 Stone Arrow              Conj/Erth      #.....       100%        3    ####...
 Tukima's Dance           Hex            #.......     100%        3    ####...
 Airstrike                Air            #.........   100%        4    #####..
 Cause Fear               Hex            #.........   100%        4    #####..
 Ice Form                 Ice/Tmut       #.......     100%        4    #####..
 Leda's Liquefaction      Hex/Erth       #.........   100%        4    #####..
 Olgreb's Toxic Radiance  Pois           #.......     100%        4    #####..
 Passage of Golubria      Tloc           N/A          100%        4    #####..
 Petrify                  Tmut/Erth      #.......     100%        4    #####..
 Summon Ice Beast         Ice/Summ       #.......     100%        4    #####..
 Bolt of Magma            Conj/Fire/Erth #.........   100%        5    ######.
 Iskenderun's Battlesphe  Conj/Chrm      ##......     100%        5    ######.
 Lee's Rapid Deconstruct  Erth           #.........   100%        5    ######.
 Lightning Bolt           Conj/Air       #.........   100%        5    ######.
 Metabolic Englaciation   Hex/Ice        #.........   100%        5    ######.
 Silence                  Hex/Air        #.........   100%        5    ######.
 Summon Mana Viper        Hex/Summ       #.......     100%        5    ######.
 Venom Bolt               Conj/Pois      #.........   100%        5    ######.
 Yara's Violent Unravell  Hex/Tmut       #.........   100%        5    ######.
 Bolt of Cold             Conj/Ice       #.........   100%        6    #######
 Darkness                 Hex            #.........   100%        6    #######
 Deflect Missiles         Chrm/Air       ##........   100%        6    #######
 Freezing Cloud           Conj/Ice/Air   #.........   100%        6    #######
 Invisibility             Hex            #.......     100%        6    #######
 Iron Shot                Conj/Erth      #.........   100%        6    #######
 Ozocubu's Refrigeration  Ice            #.........   100%        6    #######
 Simulacrum               Ice/Necr       #.........   100%        6    #######
 Orb of Destruction       Conj           #.........   100%        7    #######
 Spellforged Servitor     Conj/Summ      #.........   100%        7    #######
 Summon Hydra             Summ           #.........   100%        7    #######
 Discord                  Hex            #.........   100%        8    #######
 Ignition                 Fire           #.........   100%        8    #######
 Shatter                  Erth           #.........   100%        9    #######
 Tornado                  Air            #.........   100%        9    #######
 Sublimation of Blood     Necr           Unusable     N/A         2    N/A

Dungeon Overview and Level Annotations

Branches:
Dungeon (15/15)            Temple (1/1) D:6            Lair (6/6) D:10
  Swamp (4/4) Lair:4        Snake (4/4) Lair:3        Slime (0/5) Lair:5
    Orc (2/2) D:11            Elf (0/3) Orc:2        Vaults (1/5) D:13
 Depths (0/5) D:15

Altars:
Ashenzari
Cheibriados
Dithmenos
Elyvilon
Fedhas
Gozag
Hepliaklqana
Kikubaaqudgha
Makhleb
Nemelex Xobeh
Okawaru
Qazlal
Ru
Sif Muna
Trog
Uskayaw
Vehumet
Wu Jian
Xom
Yredelemnul
Zin
The Shining One

Shops:
D:7 !   Orc:2 [(%[


Innate Abilities, Weirdness & Mutations

You are resistant to torment.
Your stone body is resilient. (AC +15)
You are immune to poison.
Your large and strong wings let you fly indefinitely.
You resist negative energy. (rN+)
You are resistant to electric shocks. (rElec)
You can survive without breathing.
You are immune to petrification.
You are immune to rotting.
You passively map a small area around you.
You are covered in fur. (AC +1)
Your movements are slightly less encumbered by armour. (ER -2)


Message History

The harpy claws you but does no damage. x2; The harpy closely misses you.
The harpy claws you but does no damage.
Something closely misses your air elemental.
The harpy claws you but does no damage. x2
You block the deep elf knight's attack. The harpy completely misses you.
The harpy closely misses you.
Your air elemental misses the harpy.
Unknown command.
You feel better. You block the harpy's attack. x3
The harpy completely misses you. The harpy claws you but does no damage.
You block the harpy's attack.
Your air elemental hits the harpy!
The harpy claws you!
* * * LOW HITPOINT WARNING * * *
The harpy claws you but does no damage.
Something barely misses your air elemental.
The harpy claws you but does no damage. x2; The harpy claws you.
* * * LOW HITPOINT WARNING * * *
The harpy claws you but does no damage.
The yaktaur wields a +3 arbalest of freezing.
It is covered in frost.
The yaktaur shoots a bolt.
The bolt hits you!
You die...

, ...........########### ,
...........#....(.(..#
...........#.(.......#....
*
####.......#....[....#....
, #.......#...∩.....#....
#..§§...#.)([.....#....
,#....§§§#.))......#.... ,
, *
#...§HEE#.((......#....
####...§G@H##[########....
,
...#..§.§eH§p((...........
..'....c§§E.(............
*,,
.#....§...c.............
,#.cHc............).....
#.....(................ ,
#.p(................... *
#.###################.. ,,
...* ,, #..


You could see an ironheart preserver, a sphinx, a glowing orange brain, a deep
elf knight (invisible), 2 yaktaurs, 3 harpies and 3 friendly air elementals.

Vanquished Creatures
  Mara (Swamp:2)
  Bai Suzhen (Snake:3)
  Jorgrun (D:14)
  A tentacled monstrosity (Swamp:2)
  A sphinx (Vaults:1)
  Roxanne (D:15)
  2 thorn hunters
  A tengu reaver (Vaults:1)
  8 nagarajas
  The ghost of Antuuqovar the Black Crusader, an adept DsVM of Yredelemnul (Snake:2)
  A frost giant (D:13)
  A deep elf sorcerer (Abyss:3)
  2 vault wardens (Vaults:1)
  Louise (Lair:3)
  Aizul (Snake:3)
  A war gargoyle (Vaults:1)
  2 ironheart preservers (Vaults:1)
  2 very ugly things
  2 entropy weavers (Vaults:1)
  Nessos (D:14)
  A deep elf annihilator (Vaults:1)
  A minotaur (Gauntlet)
  Azrael (Orc:2)
  An ettin (D:13)
  The ghost of PentaManta the Slicer, a journeyman KoAs of Nemelex Xobeh (D:12)
  A fire dragon (D:10)
  8 vault guards (D:13)
  2 ghost crabs (Swamp:4)
  24 hydras
  A rakshasa (D:15)
  27 anacondas
  3 ice dragons
  3 catoblepae
  4 shambling mangroves
  8 naga warriors
  8 centaur warriors
  Erica (D:10)
  8 alligators
  4 two-headed ogres
  4 orc high priests (Orc:2)
  A death scarab (Gauntlet)
  16 death yaks
  9 shock serpents
  A hell knight (Volcano)
  Urug (Lair:4)
  5 spriggans
  A deep elf knight (Vaults:1)
  12 naga sharpshooters
  3 wretched stars (Abyss:3)
  A fire crab (Lair:6)
  3 skeletal warriors (D:13)
  3 unseen horrors
  A spriggan druid (Swamp:4)
  4 salamander mystics (Snake:4)
  5 deep trolls (Vaults:1)
  9 naga ritualists
  6 lindwurms
  A lindwurm (shapeshifter) (D:15)
  11 swamp dragons
  13 mana vipers
  8 orc knights
  6 orc sorcerers (Orc:2)
  5 harpies (Vaults:1)
  4 cyclopes
  A wolf spider (D:15)
  2 deep elf magi
  3 manticores
  19 ugly things
  10 salamanders
  A spectral centaur (D:12)
  6 guardian serpents
  36 black mambas
  2 ice statues (IceCv)
  6 elephants (Lair:6)
  A torpor snail (Lair:6)
  A smoke demon (Volcano)
  19 naga magi
  6 centaur skeletons
  2 gargoyles
  20 spiny frogs
  A yaktaur (shapeshifter) (D:15)
  10 rime drakes
  5 freezing wraiths
  9 komodo dragons
  6 yaktaurs (Vaults:1)
  3 red devils (Volcano)
  9 trolls
  A tengu conjurer (D:13)
  2 queen bees
  10 polar bears (Lair:6)
  4 meliai
  A queen bee (shapeshifter) (Vaults:1)
  A jumping spider (shapeshifter) (D:15)
  3 raiju
  A wolf spider simulacrum (Gauntlet)
  A jumping spider (Vaults:1)
  16 hornets
  36 slime creatures
  33 blink frogs
  10 bog bodies
  7 dream sheep (Lair:6)
  8 hippogriffs
  9 tyrant leeches
  4 centaur simulacra
  A spriggan (shapeshifter) (Vaults:1)
  5 shadows
  5 wyverns
  20 yaks
  2 small abominations (Abyss:3)
  A fire elemental (Orc:2)
  2 wraiths
  8 fire bats (Volcano)
  A spectral fire crab (Gauntlet)
  25 vampire mosquitoes
  Grum (D:8)
  5 hungry ghosts
  A neqoxec (Abyss:3)
  A redback simulacrum (D:12)
  A basilisk (Lair:6)
  12 wargs
  20 nagas
  A harpy simulacrum (Gauntlet)
  13 swamp worms
  14 insubstantial wisps
  13 water moccasins
  3 acid dragons
  8 porcupines
  21 hell hounds
  2 meliai simulacra
  20 orc warriors
  A sky beast (shapeshifter) (D:15)
  A spectral hornet (D:12)
  10 sky beasts
  11 swamp drakes
  15 ice beasts
  2 phantoms
  12 black bears
  2 eyes of draining
  9 ogres
  A necrophage (D:9)
  4 boggarts (D:15)
  33 wolves
  10 centaurs
  3 big kobolds
  14 crocodiles
  21 bullfrogs
  2 wyvern skeletons
  3 scorpions
  A water moccasin skeleton (D:7)
  47 killer bees
  2 electric eels (D:10)
  11 wights
  2 howler monkeys (D:13)
  6 lava snakes (Volcano)
  2 bullfrog zombies
  6 crimson imps
  6 hounds
  5 centaur zombies
  23 orc wizards
  19 jellies
  15 orc priests
  2 bullfrog skeletons
  Terence (D:1)
  7 iguanas
  11 worker ants
  Ijyb (D:5)
  2 hound zombies (D:7)
  2 hound skeletons
  A worker ant zombie (D:10)
  Robin (D:2)
  A gnoll (Bailey)
  A howler monkey skeleton (D:4)
  6 adders
  A river rat (D:10)
  8 shadow imps
  19 oozes
  3 adder skeletons
  2 worms (D:3)
  6 dart slugs
  4 leopard geckos
  81 orcs
  6 bats
  7 giant cockroaches
  17 goblins
  7 hobgoblins
  7 jackals
  5 quokkas
  4 frilled lizards
  29 kobolds
  2 quokka skeletons (D:4)
  12 rats
  3 briar patches (Swamp:2)
  2 butterflies (Lair:4)
1363 creatures vanquished.

Vanquished Creatures (collateral kills)
  An ogre mage (D:14)
  A harpy (Vaults:1)
  A vampire mosquito (Swamp:3)
3 creatures vanquished.

Vanquished Creatures (others)
  Nikola (Swamp:3)
  Asterion (Snake:2)
  A hydra (Swamp:3)
  2 spriggans (Swamp:3)
  3 hornets
  A shadow (Swamp:3)
  A vampire mosquito (Swamp:1)
  A naga (Snake:4)
  A swamp drake (Swamp:2)
  A kobold (D:11)
  A demonic plant (Gauntlet)
  16 fungi
  22 plants
  2 starspawn tentacles (Abyss:3)
54 creatures vanquished.

Grand Total: 1420 creatures vanquished

Notes
Turn   | Place    | Note
-------+----------+-------------------------------------------
     0 | D:1      | Kisielow the Gargoyle Fighter began the quest for the Orb.
     0 | D:1      | Reached XP level 1. HP: 14/14 MP: 1/1
     2 | D:1      | Noticed an elf
     2 | D:1      | Noticed a vine stalker
     4 | D:1      | Noticed a demonspawn
     4 | D:1      | Noticed a ghoul
     6 | D:1      | Noticed a dwarf
     8 | D:1      | Noticed a demigod
     8 | D:1      | Noticed a tengu
    10 | D:1      | Noticed a troll
    10 | D:1      | Noticed a felid
    12 | D:1      | Noticed an octopode
    12 | D:1      | Noticed a gargoyle
    14 | D:1      | Noticed a formicid
    16 | D:1      | Noticed a draconian
    16 | D:1      | Noticed a halfling
    18 | D:1      | Noticed a vampire
    18 | D:1      | Noticed a human
    21 | D:1      | Noticed a merfolk
    21 | D:1      | Noticed a centaur
    23 | D:1      | Noticed an ogre
    23 | D:1      | Noticed a spriggan
    25 | D:1      | Noticed a minotaur
    27 | D:1      | Noticed a naga
   303 | D:1      | Reached XP level 2. HP: 19/19 MP: 2/2
   357 | D:1      | Reached skill level 3 in Maces & Flails
   517 | D:1      | Reached XP level 3. HP: 17/23 MP: 3/3
   709 | D:2      | Noticed Terence
   728 | D:1      | Killed Terence
   728 | D:1      | Reached skill level 4 in Maces & Flails
   783 | D:2      | Reached XP level 4. HP: 28/28 MP: 4/4
   824 | D:2      | Noticed Robin
   860 | D:2      | Killed Robin
  1656 | D:3      | Reached XP level 5. HP: 30/32 MP: 5/5
  2272 | D:4      | Reached skill level 5 in Maces & Flails
  2272 | D:4      | Reached XP level 6. HP: 38/38 MP: 6/6
  3112 | D:4      | Reached XP level 7. HP: 40/44 MP: 7/7
  3389 | D:4      | Reached skill level 6 in Maces & Flails
  3540 | D:5      | Entered Level 5 of the Dungeon
  3783 | D:5      | Reached skill level 5 in Fighting
  3783 | D:5      | Reached skill level 5 in Shields
  4033 | D:5      | Reached skill level 5 in Armour
  4033 | D:5      | Reached XP level 8. HP: 49/49 MP: 8/8
  4525 | D:5      | Noticed Ijyb
  4581 | D:5      | Killed Ijyb
  4607 | D:5      | Gained mutation: You are partially covered in large bone
                  | plates. (SH +4) [potion of mutation]
  4607 | D:5      | Gained mutation: You have a pair of small antennae on your
                  | head. [potion of mutation]
  4607 | D:5      | Gained mutation: You can translocate small distances at
                  | will. [potion of mutation]
  4608 | D:5      | Lost mutation: You have a pair of small antennae on your
                  | head. [potion of mutation]
  4608 | D:5      | Lost mutation: You are partially covered in large bone
                  | plates. (SH +4) [potion of mutation]
  4608 | D:5      | Gained mutation: You are weak. (Str -2) [potion of
                  | mutation]
  4608 | D:5      | Gained mutation: Your mind is acute. (Int +2) [potion of
                  | mutation]
  4608 | D:5      | Gained mutation: You have sharp toenails. [potion of
                  | mutation]
  4609 | D:5      | Lost mutation: Your mind is acute. (Int +2) [potion of
                  | mutation]
  4609 | D:5      | Lost mutation: You are weak. (Str -2) [potion of mutation]
  4609 | D:5      | Lost mutation: You have sharp toenails. [potion of
                  | mutation]
  4609 | D:5      | Gained mutation: You are weak. (Str -2) [potion of
                  | mutation]
  4609 | D:5      | Gained mutation: You tend to lose your temper in combat.
                  | [potion of mutation]
  4609 | D:5      | Gained mutation: You have sharp toenails. [potion of
                  | mutation]
  4925 | D:6      | Reached skill level 7 in Maces & Flails
  5196 | D:6      | Found a staircase to the Ecumenical Temple.
  5244 | Temple   | Entered the Ecumenical Temple
  5304 | Temple   | Became a worshipper of Qazlal Stormbringer
  5783 | D:7      | Reached XP level 9. HP: 55/55 MP: 9/9
  5848 | D:7      | Reached skill level 8 in Maces & Flails
  6090 | D:7      | Identified A Beginning Course on Sorcery
  6200 | D:7      | Found Caar Emp's Distillery.
  6205 | D:7      | Identified a scroll of acquirement
  6247 | D:7      | Lost mutation: You tend to lose your temper in combat.
                  | [potion of mutation]
  6247 | D:7      | Lost mutation: You have sharp toenails. [potion of
                  | mutation]
  6247 | D:7      | Lost mutation: You are weak. (Str -2) [potion of mutation]
  6247 | D:7      | Lost mutation: You can translocate small distances at will.
                  | [potion of mutation]
  6247 | D:7      | Gained mutation: You are covered in fur. (AC +1) [potion of
                  | mutation]
  6247 | D:7      | Gained mutation: Your flesh is heat resistant. (rF+)
                  | [potion of mutation]
  6247 | D:7      | Gained mutation: You passively map a small area around you.
                  | [potion of mutation]
  6890 | D:8      | Reached * piety under Qazlal
  6955 | D:8      | Reached skill level 9 in Maces & Flails
  7073 | D:8      | Noticed Grum
  7097 | D:8      | Killed Grum
  7240 | D:8      | Noticed a two-headed ogre
  7273 | D:8      | Killed a two-headed ogre
  7273 | D:8      | Reached XP level 10. HP: 51/63 MP: 10/10
  7308 | D:8      | Reached ** piety under Qazlal
  7308 | D:8      | Reached skill level 10 in Maces & Flails
  7367 | D:8      | Found a shadowy altar of Dithmenos.
  7715 | D:9      | Noticed a two-headed ogre
  7834 | D:8      | Killed a two-headed ogre
  8248 | D:9      | Found a deep blue altar of Sif Muna.
  8275 | D:9      | Noticed a centaur warrior
  8287 | D:9      | Killed a centaur warrior
  8287 | D:9      | Reached skill level 11 in Maces & Flails
  8287 | D:9      | Reached XP level 11. HP: 65/69 MP: 11/11
  8516 | D:10     | Entered Level 10 of the Dungeon
  8634 | D:10     | Got a dazzling ring mail
  8645 | D:10     | Identified the +3 ring mail "Jouc" {Str+4} (You found it on
                  | level 10 of the Dungeon)
  8710 | D:10     | Noticed a death yak
  8731 | D:10     | Killed a death yak
  8741 | D:10     | Noticed a two-headed ogre
  8743 | D:10     | Found a staircase to the Lair.
  8759 | D:10     | Killed a two-headed ogre
  8759 | D:10     | Reached *** piety under Qazlal
  8760 | D:10     | Noticed a death yak
  8777 | D:10     | Killed a death yak
  8960 | D:10     | Noticed a fire dragon
  8993 | D:10     | Killed a fire dragon
  9117 | D:10     | Noticed a death yak
  9139 | D:10     | Killed a death yak
  9230 | D:10     | Noticed Erica
  9253 | D:10     | Killed Erica
  9253 | D:10     | Reached skill level 12 in Maces & Flails
  9416 | Lair:1   | Entered Level 1 of the Lair of Beasts
  9478 | Lair:1   | Reached XP level 12. HP: 51/77 MP: 12/12
 10225 | Lair:1   | Reached skill level 10 in Fighting
 10655 | Lair:2   | Reached skill level 10 in Armour
 10655 | Lair:2   | Reached skill level 10 in Shields
 10683 | Lair:2   | Found a dark tunnel.
 10703 | Volcano  | Entered a volcano
 10732 | Volcano  | Reached skill level 1 in Evocations
 10733 | Volcano  | Reached skill level 1 in Invocations
 10902 | Volcano  | Noticed a hell knight
 10926 | Volcano  | Killed a hell knight
 10937 | Volcano  | Reached **** piety under Qazlal
 10967 | Volcano  | Found a bloodstained altar of Trog.
 11014 | Volcano  | Found a radiant altar of Vehumet.
 11089 | Lair:2   | Noticed a four-headed hydra
 11104 | Lair:2   | Killed a four-headed hydra
 11129 | Lair:2   | Reached skill level 5 in Evocations
 11288 | Lair:2   | Reached skill level 5 in Invocations
 11724 | Lair:2   | Got an ancient leather armour
 11735 | Lair:2   | Identified the +1 leather armour of Rationality {-Cast rN++
                  | Dex+4} (You found it on level 2 of the Lair of Beasts)
 11932 | Lair:3   | Reached XP level 13. HP: 82/82 MP: 17/17
 12290 | Lair:3   | Found a staircase to the Snake Pit.
 12798 | Lair:4   | Found a frozen archway.
 12927 | IceCv    | Entered an ice cave
 12949 | IceCv    | Reached ***** piety under Qazlal
 13643 | IceCv    | Noticed an ice dragon
 13648 | IceCv    | Noticed an ice dragon
 13658 | IceCv    | Killed an ice dragon
 13668 | IceCv    | Killed an ice dragon
 13727 | IceCv    | Got a shimmering amber ring
 13735 | IceCv    | Got a crude granite ring
 14113 | Lair:3   | Identified the ring "Alawkie" {rC+ Int+4} (You found it in
                  | an ice cave)
 14115 | Lair:3   | Identified the ring "Jaaci" {rC+ Stlth+} (You found it in
                  | an ice cave)
 14222 | Lair:4   | Noticed Urug
 14236 | Lair:4   | Killed Urug
 14397 | Lair:4   | Found a staircase to the Swamp.
 14964 | Lair:5   | Reached skill level 10 in Invocations
 15705 | Lair:5   | Found a staircase to the Slime Pits.
 15796 | Lair:5   | Reached skill level 13 in Maces & Flails
 15796 | Lair:5   | Gained mutation: Your large and strong wings let you fly
                  | indefinitely. [Gargoyle growth]
 15796 | Lair:5   | Reached XP level 14. HP: 80/88 MP: 14/22
 16334 | Lair:5   | Got a steaming war axe
 16335 | Lair:5   | Identified the cursed +0 war axe of Reason {flame, rElec}
                  | (You found it on level 5 of the Lair of Beasts)
 16694 | Lair:6   | Entered Level 6 of the Lair of Beasts
 17432 | Lair:6   | Reached skill level 14 in Maces & Flails
 18007 | Lair:6   | Got a bloodstained leather armour
 18140 | Lair:6   | Noticed Sonja
 18141 | Lair:6   | Noticed Sonja
 18141 | Lair:6   | Sonja changed into Sonja the blink frog
 18145 | Lair:6   | Killed Sonja the blink frog
 18432 | Lair:6   | Reached XP level 15. HP: 80/95 MP: 23/23
 19271 | Lair:1   | Identified the +2 leather armour of Feju {*Slow Int+6 Dex+4
                  | Stlth-} (You found it on level 6 of the Lair of Beasts)
 19401 | D:11     | Found a gate leading to a gauntlet.
 19411 | Gauntlet | Entered a Gauntlet
 19411 | Gauntlet | Found a transporter.
 19411 | Gauntlet | Found a transporter.
 19411 | Gauntlet | Found a transporter.
 19412 | Gauntlet | Found a transporter.
 19415 | Gauntlet | Found a transporter.
 19415 | Gauntlet | Found a transporter.
 19429 | Gauntlet | Found a transporter.
 19431 | Gauntlet | Found a transporter.
 19441 | Gauntlet | Found a transporter.
 19450 | Gauntlet | Found a transporter.
 19467 | Gauntlet | Found a transporter.
 19471 | Gauntlet | Found a transporter.
 19717 | Gauntlet | Got a vibrating ivory ring
 19722 | Gauntlet | Identified the ring "Jaedium" {+Fly rF+ rC+} (You found it
                  | in a Gauntlet)
 19815 | Gauntlet | Got an ancient hat
 19826 | Gauntlet | Identified the cursed -4 hat "Mituat" {rC+ Str+2 Dex+2}
                  | (You found it in a Gauntlet)
 20117 | D:11     | Found an iron altar of Okawaru.
 20580 | D:11     | Found a staircase to the Orcish Mines.
 20939 | D:12     | Reached skill level 15 in Maces & Flails
 20963 | D:12     | Found a runed translucent gate.
 20966 | D:12     | Found a runed translucent gate.
 20967 | D:12     | Found a runed translucent gate.
 20967 | D:12     | Noticed PentaManta's ghost (journeyman KoAs)
 21476 | D:12     | Killed PentaManta's ghost
 22363 | D:13     | Found a gate to the Vaults.
 22822 | D:13     | Reached XP level 16. HP: 103/103 MP: 24/24
 23772 | D:13     | Reached skill level 16 in Maces & Flails
 23985 | D:14     | Noticed Jorgrun
 24014 | D:14     | Killed Jorgrun
 24401 | D:14     | Identified the +1 morningstar "Jellyslayer" {freeze, Str-2
                  | Int+7 SInv}
 24522 | D:14     | Noticed Nessos
 24549 | D:14     | Killed Nessos
 24640 | D:14     | Identified The Foundations of Spellcraft
 24687 | D:14     | Found a runed translucent door.
 24687 | D:14     | Found a runed translucent door.
 24967 | D:15     | Entered Level 15 of the Dungeon
 25689 | D:15     | Found a staircase to the Depths.
 25769 | D:15     | Noticed Roxanne
 25826 | D:15     | Killed Roxanne
 26543 | Orc:1    | Entered Level 1 of the Orcish Mines
 26906 | Orc:1    | Found a flagged portal.
 26916 | Bailey   | Entered a bailey
 26978 | Bailey   | Reached ****** piety under Qazlal
 27012 | Bailey   | Reached XP level 17. HP: 106/109 MP: 25/25
 27070 | Bailey   | Found a bloodstained altar of Trog.
 27677 | Orc:2    | Entered Level 2 of the Orcish Mines
 27689 | Orc:2    | Reached skill level 17 in Maces & Flails
 27724 | Orc:2    | Noticed Azrael
 27763 | Orc:2    | Killed Azrael
 27850 | Orc:2    | Found Heh Kavo's Antique Armour Emporium.
 27850 | Orc:2    | Found Iryess's Food Emporium.
 27850 | Orc:2    | Found Tavyf's Antique Weapon Shop.
 27850 | Orc:2    | Found Apates's Antique Armour Shop.
 28088 | Orc:2    | Found a staircase to the Elven Halls.
 28247 | Orc:2    | Paralysed by an orc sorcerer for 5 turns
 29397 | Swamp:1  | Entered Level 1 of the Swamp
 29919 | Swamp:1  | You are sucked into a shaft!
 31780 | Swamp:3  | Noticed Nikola
 32153 | Swamp:3  | Killed Nikola
 32615 | Swamp:3  | Noticed Mara
 32640 | Swamp:3  | Noticed Kisielow's illusion
 32683 | Swamp:3  | Noticed a tentacled monstrosity
 32701 | Swamp:2  | Killed a tentacled monstrosity
 32875 | Swamp:3  | Noticed Kisielow's illusion
 33258 | Swamp:3  | Noticed Kisielow's illusion
 33563 | Swamp:3  | Noticed Kisielow's illusion
 33584 | Swamp:2  | Killed Mara
 33584 | Swamp:2  | Reached skill level 18 in Maces & Flails
 33584 | Swamp:2  | Reached XP level 18. HP: 96/116 MP: 22/27
 34129 | Swamp:4  | Entered Level 4 of the Swamp
 35403 | Swamp:4  | Got a decaying rune of Zot
 35835 | Swamp:4  | Got a brightly glowing rapier
 36025 | Swamp:4  | Got an iridescent glaive
 36071 | Swamp:1  | Identified the +1 glaive of Trial by Ordeal {flame, rF+
                  | Int+2 Stlth+} (You found it on level 4 of the Swamp)
 36072 | Swamp:1  | Identified the +6 rapier of Purpose {drain, rF+ MR+ Dex+3}
                  | (You found it on level 4 of the Swamp)
 36251 | D:12     | Got an encrusted short sword
 36297 | Lair:1   | Identified the +2 short sword of Equivalence {freeze, rPois
                  | Str+3} (You found it on level 12 of the Dungeon)
 36376 | Snake:1  | Entered Level 1 of the Snake Pit
 36538 | Snake:1  | Noticed Louise
 36544 | Snake:1  | Cast into level 3 of the Abyss (Louise)
 36557 | Abyss:3  | Found a corrupted altar of Lugonu.
 36557 | Abyss:3  | Noticed a tentacled monstrosity
 36560 | Abyss:3  | Noticed a tentacled monstrosity
 36794 | Abyss:3  | Got an abyssal rune of Zot
 36929 | Abyss:3  | Found a corrupted altar of Lugonu.
 36939 | Abyss:3  | Gained mutation: You have an uncontrollable temper. [a
                  | neqoxec]
 36942 | Abyss:3  | Gained mutation: Scrolls take you a little longer to read.
                  | [a neqoxec]
 36943 | Snake:1  | Escaped the Abyss
 36954 | Lair:3   | Killed Louise
 36965 | Lair:3   | Lost mutation: You often lose your temper in combat.
                  | [potion of mutation]
 36965 | Lair:3   | Lost mutation: Scrolls take you a little longer to read.
                  | [potion of mutation]
 36965 | Lair:3   | Lost mutation: Your flesh is heat resistant. (rF+) [potion
                  | of mutation]
 36965 | Lair:3   | Gained mutation: Your movements are slightly less
                  | encumbered by armour. (ER -2) [potion of mutation]
 38003 | Snake:2  | Found a runed translucent door.
 38003 | Snake:2  | Noticed Antuuqovar's ghost (adept DsVM)
 38010 | Snake:2  | Reached skill level 15 in Invocations
 38021 | Snake:2  | Noticed Asterion
 38256 | Snake:2  | Reached XP level 19. HP: 43/121 MP: 30/30
 38646 | Snake:2  | Learned a level 3 spell: Regeneration
 38722 | Snake:2  | Killed Asterion
 38722 | Snake:2  | Reached skill level 19 in Maces & Flails
 39214 | Snake:2  | Learned a level 2 spell: Blink
 39288 | Snake:2  | Killed Antuuqovar's ghost
 39716 | Snake:3  | Noticed Bai Suzhen
 39750 | Snake:3  | Reached skill level 1 in Charms
 39750 | Snake:3  | Reached skill level 1 in Necromancy
 39783 | Snake:3  | Killed Bai Suzhen
 40277 | Snake:3  | Found a burning altar of Makhleb.
 40311 | Snake:3  | Noticed Aizul
 40355 | Snake:3  | Killed Aizul
 40534 | Snake:4  | Entered Level 4 of the Snake Pit
 41486 | Snake:4  | Reached skill level 5 in Charms
 41898 | Snake:4  | Reached skill level 5 in Necromancy
 42591 | Snake:4  | Reached XP level 20. HP: 100/127 MP: 22/32
 42778 | Snake:4  | Got a serpentine rune of Zot
 43262 | Vaults:1 | Entered Level 1 of the Vaults
 44225 | Vaults:1 | Identified the +7 longbow of Gluttony {freeze, rC- MR- SInv
                  | Stlth+}
 44286 | Vaults:1 | HP: 3/128 [harpy (8)]
 44288 | Vaults:1 | Shot with a bolt by a yaktaur

Skill      XL: |  1  2  3  4  5  6  7  8  9 10 11 12 13 14 15 16 17 18 19 20 |
---------------+-------------------------------------------------------------+-----
Maces & Flails | 3 4 5 6 7 9 11 12 13 14 15 16 18 19 | 19.1
Fighting       | 4 5 6 7 8 9 10 11 12 13 14 | 14.3
Armour         | 4 5 6 7 8 9 10 11 12 13 14 | 14.3
Shields        | 4 5 6 7 8 9 10 11 12 13 14 | 14.3
Evocations     | 6 7 |  7.0
Invocations    | 6 11 12 15 16 | 16.0
Charms         | 6 9 |  9.0
Necromancy     | 6 8 |  8.0

Action                   |  1- 3 |  4- 6 |  7- 9 | 10-12 | 13-15 | 16-18 | 19-21 || total
-------------------------+-------+-------+-------+-------+-------+-------+-------++-------
Melee: Flail             |   112 |   291 |   161 |       |       |       |       ||   564
       Whip              |       |       |   289 |   660 |  1988 |  1918 |       ||  4855
       Demon whip        |       |       |       |       |       |   672 |  1207 ||  1879
 Cast: Regeneration      |       |       |       |       |       |       |     5 ||     5
Invok: Upheaval          |       |       |       |     1 |    22 |    25 |    21 ||    69
       Disaster Area     |       |       |       |       |       |     4 |       ||     4
       Elemental Force   |       |       |       |       |       |     3 |     1 ||     4
 Abil: Fly               |       |       |       |       |     1 |       |       ||     1
Evoke: Wand              |       |       |       |       |     3 |     7 |     3 ||    13
       Lamp of fire      |       |       |       |       |       |     1 |       ||     1
       Phial of floods   |       |       |       |       |       |     1 |       ||     1
       Phantom mirror    |       |       |       |       |       |     1 |       ||     1
  Use: Potion            |       |     1 |     4 |     3 |     2 |    25 |     7 ||    42
       Scroll            |       |     7 |    10 |     6 |     8 |    23 |     9 ||    63
 Stab: Petrified         |       |       |       |       |     3 |       |       ||     3
       Paralysed         |       |       |       |       |       |    14 |       ||    14
       Invisible         |       |       |       |       |       |     4 |       ||     4
  Eat: Chunk             |       |     8 |    15 |    23 |    52 |    14 |    12 ||   124
       Ration            |       |       |       |       |     1 |    11 |     3 ||    15
Armor: Scale mail        |    62 |    61 |       |       |       |       |       ||   123
       Chain mail        |       |   107 |    52 |       |       |       |       ||   159
       Fire dragon scale |       |       |   177 |   241 |   525 |  1063 |   514 ||  2520
       Ice dragon scales |       |       |       |       |    80 |       |       ||    80
Dodge: Dodged            |    45 |    56 |    93 |   135 |   347 |   620 |   286 ||  1582
       Deflected         |       |       |       |       |    12 |    39 |    34 ||    85
Block: Shield            |    86 |   140 |   202 |   388 |  1348 |  1689 |       ||  3853
       Large shield      |       |       |       |       |       |   406 |  1316 ||  1722
